cohdb
Replays
Latest Replays
All Replays
Popular Replays
Top Player Replays
Match Explorer
How It Works
Community
CoH3 Stats
Reddit
Sign in to upload your games and track your stats! →
Sign in with Steam
Match 34778941
Unlisted
Match 34778941
Overview
Messages
Build Orders
End
Kettenkrad Recon Vehicle
Construct Infanterie Kompanie
Grenadier Squad
Grenadier Squad
Grenadier Squad
Construct Luftwaffe Kompanie
Infanterie Officer Quarters
Jäger Squad
Jäger Squad
Jäger Squad
Jäger Squad
Codenames
timezzzz
Madbirmy
火凤凰
Olympia007
Cen
Bubbciss
Teens like it big
0
0
Comments
sign in to comment!
No comments posted yet!